 Dungeon Crawl Stone Soup version 0.30.0 (webtiles) character file.

Game seed: 8724895643519255602

117 Lemurr the Conjurer (level 5, 0/37 HPs)
             Began as a Human Conjurer on Dec 9, 2023.
             Was a Follower of the Shining One.
             Slain by a hobgoblin (3 damage)
             ... on level 4 of the Dungeon.
             The game lasted 00:32:12 (2642 turns).

Lemurr the Conjurer (Human Conjurer)                Turns: 2642, Time: 00:32:12

Health: 0/37       AC:  2    Str:  7    XL:     5   Next: 22%
Magic:  1/8        EV: 12    Int: 21    God:    the Shining One [*.....]
Gold:   161        SH:  0    Dex: 11    Spells: 2/8 levels left

rFire   . . .        h - +0 whip (protect)
rCold   . . .        (no shield)
rNeg    . . .        a - +0 robe
rPois   +            (no helmet)
rElec   .            (no cloak)
rCorr   .            (no gloves)
SInv    .            (no boots)
Will    .....        (no amulet)
Stlth   +            c - ring of poison resistance
HPRegen 0.26/turn    (no ring)
MPRegen 0.11/turn

%: no passive effects
@: about to teleport, glowing
A: no striking features
a: Renounce Religion, Divine Shield


You were on level 4 of the Dungeon.
You worshipped the Shining One.
The Shining One was aware of your devotion.
You visited 1 branch of the dungeon, and saw 4 of its levels.

You collected 161 gold pieces.

Inventory:

Hand Weapons
 e - a +0 dagger
 h - a +0 whip of protection (weapon)
Armour
 a - a +0 robe (worn)
Jewellery
 c - a ring of poison resistance (left hand)
Scrolls
 d - a scroll of amnesia
 g - 2 scrolls of vulnerability {unknown}
 i - a scroll of immolation {unknown}
 j - a scroll of identify
 k - 3 scrolls of fear
 l - 2 scrolls of teleportation
Potions
 b - a potion of magic
 f - a potion of curing {unknown}


   Skills:
 + Level 1.0 Fighting
 + Level 0.8 Short Blades
 + Level 1.2 Maces & Flails
 + Level 2.7 Dodging
 + Level 2.2 Stealth
 + Level 2.2 Spellcasting
 * Level 5.0 Conjurations


You had 2 spell levels left.
You knew the following spells:

 Your Spells              Type           Power      Damage    Failure   Level
a - Magic Dart            Conj           92%        1d7       1%          1
b - Searing Ray           Conj           46%        2d6       2%          2
c - Dazzling Flash        Conj/Hex       24%        N/A       16%         3

Your spell library contained the following spells:

 Spells                   Type           Power      Damage    Failure   Level
 Fulminant Prism          Conj/Hex       6%         3d7       45%         4
 Iskenderun's Mystic Bla  Conj/Tloc      12%        2d5       45%         4


Dungeon Overview and Level Annotations

Branches:
Dungeon (4/15)
 Temple: D:4-7

Altars:
Fedhas
The Shining One

Annotations:
D:4 Ijyb, Robin


Message History

Casting: Searing Ray (safe; 2% risk of failure)
Confirm with . or Enter, or press ? or * to list all spells.
Aiming: Searing Ray (safe; 2% risk of failure)
Press: ? - help, Shift-Dir - straight line, f/p - Ijyb
Aim: Ijyb, wielding a +0 dagger, wearing a +0 leather armour and carrying a wand of flame (4) (moderately wounded, strong, haloed, 80% to hit)
The searing ray hits Ijyb.
Ijyb is heavily wounded. (Press . to maintain the ray.)
The quokka closely misses you. Ijyb hits you with a +0 dagger.
The searing ray hits Ijyb!
Ijyb is severely wounded.
The quokka completely misses you.
The hobgoblin hits you but does no damage.
Ijyb zaps a wand.
The puff of flame hits you! The goblin closely misses you.
The quokka bites you but does no damage.
The searing ray hits Ijyb.
Ijyb is almost dead.
The hobgoblin barely misses you. The goblin barely misses you.
Ijyb hits you with a +0 dagger. The quokka bites you.
* * * LOW HITPOINT WARNING * * *
The searing ray hits Ijyb but does no damage.
Ijyb is almost dead.
You finish channelling your searing ray.
The quokka bites you but does no damage.
The hobgoblin hits you.
* * * LOW HITPOINT WARNING * * *
Ijyb zaps a wand.
The puff of flame hits you.
* * * LOW HITPOINT WARNING * * *
The goblin barely misses you.
You completely miss Ijyb. Your punch misses Ijyb.
Ijyb is almost dead.
The quokka closely misses you. Ijyb closely misses you.
The hobgoblin barely misses you. The goblin hits you with a +0 club.
* * * LOW HITPOINT WARNING * * *
As you read the scroll of teleportation, it crumbles to dust.
You feel strangely unstable. The quokka bites you.
* * * LOW HITPOINT WARNING * * *
A hobgoblin comes into view.
The hobgoblin hits you.
You die...

#............#
.....g"....###
....... .....
#....##.....
#..........
#......#
#....g#..#
#######...rg#
#....####gg@#
#####....##...#g#
#.........#.#.#.#
#.###.......#.#.#
#.# #.....###.#.#
#.# #..>........#
#.# #.†...###.#..
#.# #.....# #.#.#
#.# ###'#.#
#.....


You could see Ijyb (strong), Robin, a quokka, 3 hobgoblins and a goblin
(strong).

Vanquished Creatures
  A hound (D:4)
  3 adders
  4 dart slugs
  5 endoplasms
  A giant cockroach (D:3)
  9 goblins
  5 hobgoblins
  5 jackals
  5 quokkas
  5 ball pythons
  2 bats
  A frilled lizard (D:1)
  A kobold (D:1)
  3 rats (D:1)
50 creatures vanquished.

Vanquished Creatures (others)
  A hobgoblin (D:4)
  A plant (D:1)
2 creatures vanquished.

Grand Total: 52 creatures vanquished

Notes
Turn   | Place    | Note
-------+----------+-------------------------------------------
     0 | D:1      | Lemurr the Human Conjurer began the quest for the Orb.
     0 | D:1      | Reached XP level 1. HP: 13/13 MP: 3/3
   240 | D:1      | Reached XP level 2. HP: 10/20 MP: 1/5
   305 | D:1      | Learned a level 2 spell: Searing Ray
   813 | D:1      | Reached XP level 3. HP: 25/25 MP: 2/6
   993 | D:1      | Found a faded altar of an unknown god.
  1001 | D:1      | Prayed at the altar of an unknown god.
  1001 | D:1      | Became a worshipper of the Shining One
  1001 | D:1      | Reached * piety under the Shining One
  1268 | D:2      | Found a blossoming altar of Fedhas.
  1390 | D:2      | You fall into a shaft and drop 1 floor!
  1577 | D:3      | Reached XP level 4. HP: 18/31 MP: 3/7
  1863 | D:3      | Learned a level 3 spell: Dazzling Flash
  2451 | D:4      | Reached skill level 1 in Maces & Flails
  2451 | D:4      | Reached skill level 5 in Conjurations
  2451 | D:4      | Reached XP level 5. HP: 36/36 MP: 3/8
  2597 | D:4      | Reached skill level 1 in Fighting
  2625 | D:4      | Noticed Robin
  2626 | D:4      | Noticed Ijyb
  2642 | D:4      | Slain by a hobgoblin

Illustrated notes

Levels and vault maps discovered:
D:1:      pf_arrival_petrified_forest, layout_basic,
          shapermc_ecumenical_altar_hornbeckon, solitary_fountain,
          dk_noncrumbling_4, nrook_campfire
D:2:      layout_rooms, basic_altar
D:3:      minmay_skewed_foursquare, layout_basic
D:4:      layout_basic, nicolae_goblin_pals

Skill      XL: |  1  2  3  4  5 |
---------------+----------------+-----
Maces & Flails | 1 |  1.2
Conjurations   | 5 |  5.0
Fighting       | 1 |  1.0
Short Blades   | |  0.8
Dodging        | |  2.7
Stealth        | |  2.2
Spellcasting   | |  2.2

Action                     |  1- 3 |  4- 6 || total
---------------------------+-------+-------++-------
  Melee: Dagger            |    35 |       ||    35
         Whip              |    50 |    40 ||    90
         Punch             |       |     1 ||     1
   Cast: Magic Dart        |     7 |       ||     7
         Searing Ray       |    17 |     8 ||    25
    Use: Potion            |     1 |       ||     1
         Scroll            |     5 |     2 ||     7
 Armour: Skin              |    19 |       ||    19
         Robe              |    24 |    25 ||    49
  Dodge: Dodged            |    57 |    43 ||   100
